 Dungeon Crawl Stone Soup version 0.27-a0-54-g64bdb92e38 (webtiles) character file.

Game seed: 8688660032476582426

1280 runemasterragnar the Fighter (level 8, 0/92 HPs)
             Began as an Ogre Monk on Jan 7, 2021.
             Slain by a bullfrog skeleton (6 damage)
             ... on level 6 of the Dungeon.
             The game lasted 00:07:43 (5896 turns).

runemasterragnar the Fighter (Ogre Monk)            Turns: 5896, Time: 00:07:43

Health: 0/92       AC:  3    Str: 16    XL:     8   Next: 54%
Magic:  8/8        EV: 13    Int: 13    God:
Gold:   308        SH:  0    Dex: 17    Spells: 7/7 levels left

rFire    . . .     SeeInvis .   h - +1 whip (venom)
rCold    . . .     Faith    .   (no shield)
rNeg     . . .     Spirit   .   b - +0 robe
rPois    .         Reflect  .   (helmet restricted)
rElec    .         Harm     .   (no cloak)
rCorr    .         Rampage  .   (gloves unavailable)
Will     +....                  (boots unavailable)
Stlth    ++........             w - amulet of regeneration
HPRegen  0.65/turn              d - +6 ring of dexterity
MPRegen  0.11/turn              A - ring of willpower

@: attractive
A: large, unfitting armour, tough skin 1
a: no special abilities


You were on level 6 of the Dungeon.
You visited 1 branch of the dungeon, and saw 7 of its levels.

You collected 308 gold pieces.

Inventory:

Hand Weapons
 a - a +0 mace
 h - a +1 whip of venom (weapon)
Missiles
 o - 3 large rocks
 p - a throwing net
 x - 15 poisoned darts (quivered)
 C - 5 boomerangs
Armour
 b - a +0 robe (worn)
 t - a +0 hat
Jewellery
 d - a +6 ring of dexterity (left hand)
 l - an uncursed ring of protection from fire
 n - an uncursed ring of stealth
 w - an amulet of regeneration (around neck)
 A - a ring of willpower (right hand)
Wands
 q - a wand of iceblast (6)
 s - a wand of enslavement (1)
 v - a wand of flame (14)
Scrolls
 c - 3 scrolls of remove curse
 e - a scroll of blinking {unknown}
 f - 9 scrolls of identify
 g - a scroll of random uselessness {unknown}
 i - 11 scrolls of teleportation {unknown}
 j - 2 scrolls of enchant weapon {unknown}
 k - 3 scrolls of amnesia {unknown}
 y - a scroll of fear {unknown}
 z - a scroll of magic mapping {unknown}
Potions
 m - a potion of cancellation
 r - 3 potions of curing
 u - a potion of attraction
 B - a potion of flight {unknown}


   Skills:
 * Level 9.3 Fighting
 + Level 5.0 Maces & Flails
 + Level 3.9 Throwing
 + Level 4.9 Dodging
 - Level 1.4 Stealth


You had 7 spell levels left.
You didn't know any spells.
Your spell library was empty.

Dungeon Overview and Level Annotations

Branches:
Dungeon (7/15)
 Temple: D:4-7

Altars:
Qazlal

Annotations:
D:6 Blork the orc


Innate Abilities, Weirdness & Mutations

You are too large for most types of armour.
You have tough skin. (AC +1)


Message History

Found 16 gold pieces.
You see here a large rock.
The bullfrog skeleton hits you.
The cyclops throws a large rock.
The large rock hits you!!!
You see here a large rock.
You are too injured to fight recklessly!
You are too injured to fight recklessly!
Okay, then.
Okay, then.
It was a potion of attraction.
You feel attractive to monsters.
An orc comes into view. It is wielding a +0 club.
The bullfrog skeleton barely misses you.
The cyclops is pulled toward you! The orc is pulled toward you!
You hit the cyclops but do no damage.
The cyclops is poisoned.
The bullfrog skeleton closely misses you.
The cyclops hits you!!
* * * LOW HITPOINT WARNING * * *
The bullfrog skeleton hits you.
You die...

# ### # ... #.# # #.# $.##
# #.# ##...## # #.###
##.....## ####.#.##
##.......##
####.>.....####.........###
.............o'.Z.......'.
####.###...####C@.......#
#.# #...# ##(......#
#.###.#.# ##.....##
#.......# ##...## ####...##
##'## #.# #..#..# #.# #.#
#.###.# #.# #.# #..#..#
##.######### #.# ##...##
##..........# #.#


You could see a cyclops (very poisoned), an orc and a bullfrog skeleton.

Vanquished Creatures
  A wyvern (D:6)
  3 ice beasts
  2 ogres
  3 howler monkeys
  A quasit (D:6)
  An orc priest (D:4)
  2 hounds (D:6)
  4 orc wizards (D:5)
  3 worker ants
  Ijyb (D:3)
  6 gnolls (D:5)
  6 adders
  A white imp (D:5)
  An ufetubus (D:5)
  2 worms
  7 leopard geckos
  16 orcs
  2 ball pythons
  6 giant cockroaches
  6 goblins
  6 hobgoblins
  16 jackals
  5 kobolds
  A quokka (D:4)
  13 bats
  4 frilled lizards
  6 rats
125 creatures vanquished.

Vanquished Creatures (others)
  An orc (D:5)
  2 plants (D:7)
3 creatures vanquished.

Grand Total: 128 creatures vanquished

Notes
Turn   | Place    | Note
-------+----------+-------------------------------------------
     0 | D:1      | runemasterragnar the Ogre Monk began the quest for the Orb.
     0 | D:1      | Reached XP level 1. HP: 24/24 MP: 1/1
   109 | D:1      | Reached XP level 2. HP: 24/33 MP: 2/2
   563 | D:1      | Reached XP level 3. HP: 38/40 MP: 3/3
  1034 | D:2      | Reached skill level 5 in Fighting
  1398 | D:2      | Reached XP level 4. HP: 44/50 MP: 4/4
  2873 | D:3      | Noticed Ijyb
  2891 | D:3      | Killed Ijyb
  2892 | D:3      | Reached skill level 1 in Throwing
  2892 | D:3      | Reached XP level 5. HP: 59/59 MP: 5/5
  3163 | D:4      | Reached skill level 6 in Fighting
  3189 | D:4      | Reached XP level 6. HP: 24/68 MP: 6/6
  3867 | D:5      | Entered Level 5 of the Dungeon
  3867 | D:5      | Noticed an ice beast
  3906 | D:5      | Noticed an ice beast
  3916 | D:5      | Killed an ice beast
  3917 | D:5      | Reached skill level 7 in Fighting
  3964 | D:5      | Reached XP level 7. HP: 50/78 MP: 7/7
  4168 | D:5      | Reached skill level 8 in Fighting
  4374 | D:5      | Reached XP level 8. HP: 59/89 MP: 8/8
  4752 | D:5      | Found a stormy altar of Qazlal.
  4843 | D:6      | Noticed Blork the orc
  5017 | D:6      | Noticed a wyvern
  5031 | D:6      | Killed a wyvern
  5271 | D:6      | Noticed a cyclops
  5276 | D:6      | Reached skill level 9 in Fighting
  5823 | D:6      | Reached skill level 5 in Maces & Flails
  5896 | D:6      | Slain by a bullfrog skeleton

Illustrated notes

Levels and vault maps discovered:
D:1:      dpeg_arrival_prison, layout_rooms, minmay_misc_feat_rows,
          minmay_bisected
D:2:      layout_rooms, serial_aquarium, aquarium_bridge_square
          [aquarium_subvault_wall, aquarium_subvault_wall,
          aquarium_subvault_bridge, aquarium_subvault_wall],
          aquarium_window_corridor_1, aquarium_window_fake, aquarium_view_2e,
          aquarium_view_2d, aquarium_balcony_1a, aquarium_pool_four
D:3:      layout_rooms, grunt_ministairs_3, uniq_ijyb
D:4:      layout_rooms
D:5:      layout_rooms, kennysheep_mini_moat, nicolae_sextant,
          due_unseen_surprise
D:6:      layout_loops_corners, tgw_sif
D:7:      layout_cave_pools, marbit_many_paths,
          minmay_temple_entry_gardened_gates, serial_park,
          serial_park_tiny_pond, serial_park_square1
          [serial_park_minivault_5x5_4], serial_park_gazebo
          [serial_park_minivault_5x5_1]

Skill      XL: |  1  2  3  4  5  6  7  8 |
---------------+-------------------------+-----
Maces & Flails | 3 4 5 |  5.0
Dodging        | 3 4 |  4.9
Fighting       | 5 6 7 8 9 |  9.3
Throwing       | 1 2 3 |  3.9
Stealth        | |  1.4

Action                   |  1- 3 |  4- 6 |  7- 9 || total
-------------------------+-------+-------+-------++-------
Melee: Mace              |   101 |   153 |    15 ||   269
       Whip              |       |       |   101 ||   101
       Unarmed           |       |       |    10 ||    10
Throw: Large rock        |       |     4 |     3 ||     7
Evoke: Wand              |       |    12 |    11 ||    23
  Use: Potion            |       |     2 |     5 ||     7
       Scroll            |       |     2 |       ||     2
 Stab: Sleeping          |     3 |     2 |       ||     5
       Invisible         |       |     1 |     1 ||     2
Armor: Robe              |    41 |    36 |    26 ||   103
       Skin              |       |       |    18 ||    18
Dodge: Dodged            |    60 |   129 |   103 ||   292

Table legend: (Time is in decaauts)
 A = Elapsed time spent in this place.
 B = Non-inter-level travel time spent in this place.
 C = Inter-level travel time spent in this place.
 D = Time resting spent in this place.
 E = Time spent auto-exploring this place.
 F = Levels seen in this place.
 G = Mean time per level.
                   A        B        C        D        E       F      G
               +--------+--------+--------+--------+--------+-----+--------+
         Total |   5950 |   5740 |    210 |   1208 |   3448 |   7 |  850.0 |
       Dungeon |   5950 |   5740 |    210 |   1208 |   3448 |   7 |  850.0 |
               +--------+--------+--------+--------+--------+-----+--------+

Top non-repeatable levels by time:
     D:2: 1368 daAuts
     D:1: 1009 daAuts
     D:5: 928 daAuts
     D:6: 920 daAuts
     D:3: 807 daAuts
     D:4: 778 daAuts
     D:7: 137 daAuts
